 Dungeon Crawl Stone Soup version 0.31-a0-844-gdc52ec4e09 (webtiles) character file.

Game seed: 1034135337179296100

1010 Kurtz the Cleaver (level 8, -2/52 HPs)
             Began as an Octopode Fighter on Sept 28, 2023.
             Was an Initiate of Okawaru.
             Slain by a sky beast (6 damage)
             ... on level 7 of the Dungeon.
             The game lasted 00:07:35 (6165 turns).

Kurtz the Cleaver (Octopode Fighter)                Turns: 6165, Time: 00:07:36

Health: -2/52      AC:  3    Str: 23    XL:     8   Next: 21%
Magic:  9/9        EV: 17    Int: 11    God:    Okawaru [......]
Gold:   333        SH:  8    Dex: 11    Spells: 5/7 levels left

rFire   . . .        q - +0 war axe (pain)
rCold   . . .        t - +0 kite shield
rNeg    . . .        (helmet restricted)
rPois   +            (no amulet)
rElec   .            e - ring of willpower
rCorr   .            i - +5 ring of evasion
SInv    .            s - ring of ice
Will    ++...        p - ring of Arehe {Fire *Corrode +Blink rPois Will+}
Stlth   ++           x - +6 ring of strength
HPRegen 0.28/turn    (no ring)
MPRegen 0.11/turn    (no ring)
                     (no ring)

%: random rage (3%), corrode self (3%)
@: no status effects
A: almost no armour, amphibious, 8 rings, camouflage 1, gelatinous body 1,
(nimble swimmer 1), tentacles, iridescent scales 1, berserk 1
a: Renounce Religion, Evoke Blink


You were on level 7 of the Dungeon.
You worshipped Okawaru.
Okawaru was noncommittal.
You visited 2 branches of the dungeon, and saw 8 of its levels.
You also visited: Sewer.

You collected 333 gold pieces.

Inventory:

Hand Weapons
 a - a +0 war axe
 q - a +0 war axe of pain (weapon)
Missiles
 m - 15 poisoned darts
Armour
 b - a +0 buckler
 t - a +0 kite shield (worn)
Jewellery
 e - a ring of willpower (left tentacle)
 i - a +5 ring of evasion (right tentacle)
 p - the ring of Arehe (on tentacle) {Fire *Corrode +Blink rPois Will+}
   (You found it on level 3 of the Dungeon)

   [ring of fire]

   Fire:      It enhances your fire magic.
   rF+:       It protects you from fire.
   rC-:       It makes you vulnerable to cold.
   rPois:     It protects you from poison Will+: It increases your willpower.
   +Blink:    It lets you blink.
   *Corrode:  It may corrode you when you take damage.
 s - a ring of ice (on tentacle)
 x - a +6 ring of strength (on tentacle)
Wands
 A - a wand of digging (9)
Scrolls
 d - a scroll of amnesia
 f - 3 scrolls of teleportation
 j - a scroll of butterflies
 o - a scroll of immolation
 w - a scroll of noise
 y - a scroll of fog {unknown}
 B - a scroll of torment {unknown}
 C - a scroll of identify
 D - a scroll of revelation {unknown}
Potions
 g - 2 potions of mutation
 h - 2 potions of invisibility {unknown}
 k - 2 potions of attraction {unknown}
 l - 3 potions of heal wounds {unknown}
 n - 2 potions of curing {unknown}
 r - 2 potions of haste {unknown}
 u - 2 potions of lignification {unknown}
 z - a potion of magic {unknown}


   Skills:
 + Level 3.3 Fighting
 * Level 8.4 Axes
 + Level 3.6 Dodging
 * Level 4.1 Shields
 * Level 1.9 Invocations


You had 5 spell levels left.
You knew the following spells:

 Your Spells              Type           Power      Damage    Failure   Level
a - Wereblood             Tmut           0%         N/A       75%         2

Your spell library contained the following spells:

 Spells                   Type           Power      Damage    Failure   Level
 Vhi's Electric Charge    Tloc/Air       0%         N/A       100%        4
 Arcjolt                  Conj/Air       0%         1d10      100%        5
 Irradiate                Conj/Tmut      0%         3d11      100%        5
 Plasma Beam              Fire/Air       0%         2x1d10    100%        6


Dungeon Overview and Level Annotations

Branches:
Dungeon (7/15)             Temple (1/1) D:5           Sewer (visited)

Altars:
Ashenzari
Dithmenos
Elyvilon
Gozag
Hepliaklqana
Kikubaaqudgha
Nemelex Xobeh
Okawaru
Qazlal
Ru
Sif Muna
Uskayaw
Vehumet
Xom
Yredelemnul
Zin
The Shining One

Annotations:
D:4 2 runed translucent doors
D:5 exclusion: upstairs
D:6 Jeremiah
D:7 exclusion: ogre


Innate Abilities, Weirdness & Mutations

You cannot wear most types of armour.
You are amphibious.
You can wear up to eight rings at the same time.
Your skin changes colour to match your surroundings (Stealth+).
Your rubbery body absorbs attacks. (AC +1, EV +1)
((You are camouflaged when in or above water. (Stealth+)))
You have tentacles for arms and can constrict up to eight enemies at once.
You are partially covered in iridescent scales. (AC +2)
You sometimes lose your temper in combat.


Message History

Throw: 17 darts (poison)
Press: ? - help, Q - select action, (/) - cycle Shift-Dir - straight line, f - sky beast
Aim: a sky beast (38% to hit)
You throw a poisoned dart. The poisoned dart hits the sky beast.
Unknown command.
Throw: 16 darts (poison)
Press: ? - help, Q - select action, (/) - cycle Shift-Dir - straight line, f/p - sky beast
Aim: a sky beast (38% to hit)
You throw a poisoned dart.
The poisoned dart barely misses the sky beast.
Unknown command.
You barely miss the sky beast. Your squeeze misses the sky beast.
The sky beast flickers out of sight!
Deactivating autopickup; reactivate with Ctrl-A.
Something hits you. Something shocks you.
You hit something. Something hits you. Something shocks you.
Something hits you. Something shocks you.
You miss something. Your squeeze misses something. Something hits you.
Something shocks you.
You hit something. You block something's attack.
You barely miss something. Something hits you. Something shocks you.
* * * LOW HITPOINT WARNING * * *
Throw: throwing net
Press: ? - help, Q - select action, (/) - cycle Shift-Dir - straight line You throw a throwing net.
A sky beast appears from thin air!
Reactivating autopickup.
The sky beast hits you.
* * * LOW HITPOINT WARNING * * *
The sky beast shocks you.
* * * LOW HITPOINT WARNING * * *
It was a potion of mutation.
You feel extremely strange.
You feel a little pissed off.
Iridescent scales grow over part of your body.
You block the sky beast's attack.
It was a potion of cancellation.
You feel magically purged. The sky beast hits you.
* * * LOW HITPOINT WARNING * * *
The sky beast shocks you.
You die...

.................รท.........
#............##.#..#####...O
###........#.##.#.[# ..
#.#...#..........########
#.#...#.#######.#..)...# #
#...#.# #....####.#
#.##.##.### #.......#.#
#.....[...# #....##.#.#
###..####@# ####.##.#.# #
#......Y..# #......# #
#.##.......# ####.#####
#..#(...... #.[....
####..#..#.# ####### ...#..#
# ..(...# ##.###.#


You could see a sky beast.

Vanquished Creatures
  Pargi (Sewer)
  A sky beast (D:6)
  An ogre (D:5)
  2 bullfrogs
  A scorpion (D:5)
  3 hounds (D:5)
  An orc priest (D:7)
  A jelly (D:5)
  Natasha (twice) (D:2)
  3 iguanas
  An orc wizard (D:7)
  7 gnolls
  5 adders
  2 shadow imps
  2 white imps
  An ufetubus (D:6)
  3 worms
  2 dart slugs (D:4)
  4 orcs
  10 endoplasms
  2 giant cockroaches
  9 goblins
  10 hobgoblins
  6 jackals (D:1)
  5 kobolds
  4 quokkas
  13 ball pythons
  7 bats
  7 frilled lizards
  4 rats
120 creatures vanquished.

Notes
Turn   | Place    | Note
-------+----------+-------------------------------------------
     0 | D:1      | Kurtz the Octopode Fighter began the quest for the Orb.
     0 | D:1      | Reached XP level 1. HP: 16/16 MP: 1/1
   148 | D:1      | Reached XP level 2. HP: 16/21 MP: 2/2
   201 | D:1      | Reached skill level 3 in Axes
   404 | D:1      | Reached XP level 3. HP: 26/26 MP: 3/3
   999 | D:2      | Noticed Natasha
  1003 | D:2      | Reached skill level 4 in Axes
  1005 | D:2      | Killed Natasha
  1006 | D:2      | Reached XP level 4. HP: 13/31 MP: 4/4
  1354 | D:2      | Noticed Natasha
  1358 | D:2      | Reached skill level 5 in Axes
  1358 | D:2      | Reached XP level 5. HP: 36/36 MP: 5/5
  1362 | D:2      | Killed Natasha
  1638 | D:3      | Identified the ring of Arehe {Fire *Corrode +Blink rPois
                  | Will+}
  2052 | D:4      | Found a large runed translucent door.
  2053 | D:4      | Found a large runed translucent door.
  2097 | D:4      | Found a white marble altar of Elyvilon.
  2099 | D:4      | Found an iron altar of Okawaru.
  2167 | D:4      | Found a shimmering altar of Xom.
  2206 | D:5      | Entered Level 5 of the Dungeon
  2228 | D:5      | Found a sparkling altar of Nemelex Xobeh.
  2289 | D:5      | Reached skill level 6 in Axes
  2289 | D:5      | Reached XP level 6. HP: 40/42 MP: 6/6
  2731 | D:5      | Reached skill level 7 in Axes
  2731 | D:5      | Reached XP level 7. HP: 46/46 MP: 7/7
  2916 | D:5      | Found a staircase to the Ecumenical Temple.
  3110 | Temple   | Entered the Ecumenical Temple
  3227 | D:4      | Became a worshipper of Warmaster Okawaru
  4150 | D:4      | Found a sacrificial altar of Ru.
  4539 | D:6      | Found a shadowy altar of Dithmenos.
  4563 | D:6      | Found a glowing drain.
  4573 | Sewer    | Entered a sewer
  4609 | Sewer    | Noticed Pargi
  4644 | Sewer    | Killed Pargi
  4645 | Sewer    | Reached skill level 1 in Invocations
  5020 | D:6      | You fall into a shaft and drop 1 floor!
  5031 | D:7      | Reached skill level 8 in Axes
  5031 | D:7      | Reached XP level 8. HP: 49/52 MP: 9/9
  5291 | D:6      | Learned a level 2 spell: Wereblood
  5504 | D:6      | Found a hazy altar of Hepliaklqana.
  5504 | D:6      | Noticed Jeremiah
  6164 | D:7      | Gained mutation: You sometimes lose your temper in combat.
                  | [potion of mutation]
  6164 | D:7      | Gained mutation: You are partially covered in iridescent
                  | scales. (AC +2) [potion of mutation]
  6165 | D:7      | Slain by a sky beast

Illustrated notes

Levels and vault maps discovered:
D:1:      elethiomel_arrival_shortcut, layout_loops_ring
D:2:      layout_rooms, uniq_natasha
D:3:      layout_rooms, st_stairs_10, kennysheep_decorative_pillar
D:4:      layout_cave_pods, jmf_multi_god_temple2, nicolae_ru_path_of_blood,
          nicolae_overflow_hidden_temple, chequers_arboretum,
          kennysheep_generic_room_6
D:5:      layout_cave_pods, nemelex_xobeh_ov_fountains_minmay, temple_green
D:6:      layout_basic, amcnicky_altar_gilded, grunt_dithmenos_smoke,
          portal_sewer_entry_d, amcnicky_mini_corridor_feature, uniq_jeremiah
D:7:      layout_loops_cross, fedhas_altar_4
Temple:   eino_wide_crystal_templ

Skill      XL: |  1  2  3  4  5  6  7  8 |
---------------+-------------------------+-----
Axes           | 3 4 5 6 7 8 |  8.4
Invocations    | 1 |  1.9
Shields        | 4 |  4.1
Fighting       | |  3.3
Dodging        | |  3.6

Action                     |  1- 3 |  4- 6 |  7- 9 || total
---------------------------+-------+-------+-------++-------
  Melee: War axe           |    55 |    92 |    84 ||   231
         Constrict         |    12 |    19 |    20 ||    51
         Tentacles         |     7 |    15 |    14 ||    36
         Punch             |       |     1 |     1 ||     2
  Throw: Dart              |       |     9 |    17 ||    26
         Throwing net      |       |     1 |     2 ||     3
    Use: Scroll            |       |       |     5 ||     5
         Potion            |       |       |     3 ||     3
   Stab: Sleeping          |     7 |     5 |     5 ||    17
 Armour: Skin              |    33 |    22 |    42 ||    97
  Dodge: Dodged            |    37 |    58 |    46 ||   141
  Block: Buckler           |    10 |    13 |       ||    23
         Kite shield       |       |    12 |    37 ||    49

Table legend: (Time is in decaauts)
 A = Elapsed time spent in this place.
 B = Non-inter-level travel time spent in this place.
 C = Inter-level travel time spent in this place.
 D = Time resting spent in this place.
 E = Time spent auto-exploring this place.
 F = Levels seen in this place.
 G = Mean time per level.
                   A        B        C        D        E       F      G
               +--------+--------+--------+--------+--------+-----+--------+
         Total |   6242 |   5553 |    689 |    753 |   3627 |   9 |  693.6 |
       Dungeon |   5961 |   5282 |    679 |    753 |   3467 |   7 |  851.6 |
        Temple |     17 |      8 |      9 |      0 |      0 |   1 |   17.0 |
         Sewer |    262 |    262 |      0 |      0 |    160 |   1 |  262.0 |
               +--------+--------+--------+--------+--------+-----+--------+

Top non-repeatable levels by time:
     D:4: 1438 daAuts
     D:5: 1211 daAuts
     D:6: 948 daAuts
     D:1: 894 daAuts
     D:2: 691 daAuts
     D:3: 497 daAuts
     D:7: 278 daAuts
   Sewer: 262 daAuts
  Temple: 17 daAuts
